 Dungeon Crawl Stone Soup version 0.27.1-1-g398f81649c (webtiles) character file.

Game seed: 6831337164036888950

91 nxtlvl the Insei (level 4, -2/38 HPs)
             Began as a Draconian Monk on Sept 21, 2021.
             Succumbed to a scorpion's poison
             ... on level 4 of the Dungeon.
             The game lasted 00:06:08 (933 turns).

nxtlvl the Insei (Draconian Monk)                    Turns: 933, Time: 00:06:08

Health: -2/38      AC:  5    Str: 13    XL:     4   Next: 34%
Magic:  4/4        EV: 12    Int: 12    God:
Gold:   24         SH:  0    Dex: 13    Spells: 3/3 levels left

rFire    . . .     SeeInvis .     - Unarmed
rCold    . . .     Faith    .   (no shield)
rNeg     . . .     Spirit   .   (armour unavailable)
rPois    .         Reflect  .   (helmet restricted)
rElec    .         Harm     .   (no cloak)
rCorr    .         Rampage  .   (no gloves)
Will     .....                  (no boots)
Stlth    ++........             (no amulet)
HPRegen  0.12/turn              (no ring)
MPRegen  0.09/turn              (no ring)

@: lethally poisoned (-2 -> -24), attractive, hasted, very quick
A: AC +5, unfitting armour, cold-blooded
a: no special abilities


You were on level 4 of the Dungeon.
You visited 1 branch of the dungeon, and saw 4 of its levels.

You collected 80 gold pieces.
You spent 56 gold pieces at shops.

Inventory:

Hand Weapons
 e - a +2 shortbow of freezing
Scrolls
 a - a scroll of enchant armour {unknown}
 b - a scroll of enchant weapon {unknown}
 c - 2 scrolls of immolation {unknown}
 f - a scroll of acquirement {unknown}
Potions
 g - a potion of might
 i - a potion of berserk rage {unknown}
 j - a potion of degeneration {unknown}
 k - a potion of brilliance {unknown}


   Skills:
 - Level 3.2 Fighting
 - Level 2.6 Dodging
 - Level 1.7 Stealth
 * Level 5.2 Unarmed Combat


You had 3 spell levels left.
You didn't know any spells.
Your spell library contained the following spells:

 Spells                   Type           Power      Damage    Failure   Level
 Gell's Gravitas          Tloc           0%         N/A       69%         3
 Lesser Beckoning         Tloc           0%         N/A       69%         3
 Teleport Other           Tloc           0%         N/A       69%         3


Dungeon Overview and Level Annotations

Branches:
Dungeon (4/15)
 Temple: D:4-7

Altars:
Dithmenos

Shops:
D:4 ?*!


Innate Abilities, Weirdness & Mutations

Your plain brown scales are hard. (AC +5)
You cannot fit into any form of body armour.
You are cold-blooded and may be slowed by cold attacks.


Message History

You completely miss the scorpion.
The scorpion is moderately wounded.
The scorpion misses you.
You hit the scorpion.
Your tail-slap misses the scorpion.
The scorpion is heavily wounded.
The scorpion barely misses you.
You hit the scorpion.
The scorpion is heavily wounded.
The scorpion barely misses you.
You barely miss the scorpion.
The scorpion is heavily wounded.
The scorpion stings you!
You barely miss the scorpion.
You tail-slap the scorpion, but do no damage.
The scorpion is heavily wounded.
The scorpion stings you.
You are poisoned.
The scorpion poisons you!
You hit the scorpion.
The scorpion is severely wounded.
You feel very sick. The scorpion stings you.
You are lethally poisoned!
The scorpion poisons you!
You hit the scorpion.
The scorpion is almost dead.
* * * LOW HITPOINT WARNING * * *
You feel very sick. The scorpion stings you.
* * * LOW HITPOINT WARNING * * *
You are more poisoned.
The scorpion poisons you!
It was a potion of attraction.
You feel attractive to monsters.
* * * LOW HITPOINT WARNING * * *
You feel very sick.
The scorpion stings you but does no damage.
The scorpion barely misses you.
It was a potion of haste.
You feel yourself speed up.
You die...

#.##^#.#^##.# .#
#.#.^#.#^.#.##.###
#.## #.# ##.......
#.# #^# #......
#.####+####....
#....#[#....#
#...)###...Z#
......##...(.##s#
.########..####@#
##.# #.# #s# #.#
#.# #.# #.# #.#
... #.# ### #.#
#..


You could see a scorpion and an adder skeleton.

Vanquished Creatures
  A centaur skeleton (D:4)
  A hound (D:3)
  4 bats (D:1)
  2 endoplasms
  A giant cockroach (D:1)
  3 goblins
  2 hobgoblins
  5 jackals
  2 quokkas (D:1)
  2 ball pythons (D:1)
  5 frilled lizards
  2 kobolds (D:4)
  2 rats (D:3)
32 creatures vanquished.

Notes
Turn   | Place    | Note
-------+----------+-------------------------------------------
     0 | D:1      | nxtlvl the Draconian Monk began the quest for the Orb.
     0 | D:1      | Reached XP level 1. HP: 19/19 MP: 1/1
    83 | D:1      | Reached XP level 2. HP: 19/26 MP: 2/2
   497 | D:3      | Reached skill level 4 in Unarmed Combat
   497 | D:3      | Reached XP level 3. HP: 26/31 MP: 3/3
   504 | D:4      | Noticed a scorpion
   504 | D:4      | Found Kineuj's Magic Scroll Boutique.
   707 | D:4      | Found Ozxo's Distillery.
   725 | D:4      | Found a shadowy altar of Dithmenos.
   754 | D:4      | Reached skill level 5 in Unarmed Combat
   754 | D:4      | Reached XP level 4. HP: 37/38 MP: 4/4
   774 | D:4      | Found Pomucoe's General Store.
   778 | D:4      | Bought a potion of might for 56 gold pieces
   933 | D:4      | Succumbed to a scorpion's poison

Illustrated notes

Levels and vault maps discovered:
D:1:      dpeg_arrival_rhombus, layout_loops_corners
D:2:      layout_loops_ring, shapermc_ecumenical_altar_rom_forum
D:3:      layout_loops_corners
D:4:      layout_loops_ring, grunt_dithmenos_smoke, serial_shops,
          nicolae_diamond_shop, nicolae_stop_n_shop_1, nicolae_shop_crystal,
          shop, shop, grunt_tough_drop

Skill      XL: |  1  2  3 |
---------------+----------+-----
Unarmed Combat | 4 5 |  5.2
Fighting       | |  3.2
Dodging        | |  2.6
Stealth        | |  1.7

Action                   |  1- 3 |  4- 6 || total
-------------------------+-------+-------++-------
Melee: Unarmed           |    82 |    23 ||   105
       Tailslap          |    13 |     4 ||    17
       Punch             |     2 |       ||     2
  Use: Potion            |       |     2 ||     2
 Stab: Sleeping          |     2 |     1 ||     3
Armor: Skin              |    28 |     2 ||    30
Dodge: Dodged            |    48 |    14 ||    62
